 Dungeon Crawl Stone Soup version 0.24.0-13-gcf9b3192b9 (webtiles) character file.

Game seed: 12920190687821169854, levelgen mode: deterministic

1645 Curus the Carver (level 8, -3/64 HPs)
             Began as a Minotaur Abyssal Knight on Nov 7, 2019.
             Was an Elder of Lugonu.
             Slain by a centaur
             ... wielding a cursed -1 shortbow
              (5 damage)
             ... on level 6 of the Dungeon.
             The game lasted 00:18:25 (4737 turns).

Curus the Carver (Minotaur Abyssal Knight)          Turns: 4737, Time: 00:18:25

Health: -3/64      AC: 10    Str: 23      XL:     8   Next: 67%
Magic:  9/12       EV:  8    Int:  7 (9)  God:    Lugonu [****..]
Gold:   373        SH:  0    Dex: 11      Spells: 7/7 levels left

rFire    . . .     SeeInvis +   a - +1 falchion
rCold    . . .     Gourm    .   (no shield)
rNeg     . . .     Faith    +   q - +0 chain mail (curse)
rPois    +         Spirit   .   (helmet restricted)
rElec    .         Reflect  .   u - +1 cloak {rPois}
rCorr    .         Harm     .   (no gloves)
MR       .....                  (no boots)
Stlth    ..........             r - amulet of faith
HPRegen  0.20/turn              o - ring of see invisible
MPRegen  0.13/turn              (no ring)

@: mighty
A: retaliatory headbutt, horns 2
a: Depart the Abyss, Bend Space, Banish, Corrupt, Renounce Religion


You were on level 6 of the Dungeon.
You worshipped Lugonu.
Lugonu was greatly pleased with you.
You were not hungry.

You visited 1 branch of the dungeon, and saw 6 of its levels.
You visited the Abyss 1 time.

You collected 373 gold pieces.

Inventory:

Hand Weapons
 a - a +1 falchion (weapon)
Armour
 b - a +0 leather armour
 d - a +0 chain mail
 n - a +1 cloak
 q - a cursed +0 chain mail (worn)
 u - a +1 cloak of poison resistance (worn)
Jewellery
 o - a ring of see invisible (left hand)
 r - an amulet of faith (around neck)
Wands
 f - a wand of iceblast (14)
 s - a wand of disintegration (13)
 t - a wand of scattershot (3)
 v - a wand of polymorph (9)
Scrolls
 e - 4 scrolls of amnesia
 g - 2 scrolls of remove curse
 i - 2 scrolls of fog
 k - 2 scrolls of identify
 l - a scroll of teleportation
Potions
 h - 2 potions of curing
 j - a potion of might
 m - a potion of cancellation
 p - 2 potions of resistance
Comestibles
 c - 10 rations
 w - a chunk of flesh


   Skills:
 - Level 3.6 Fighting
 * Level 9.7 Long Blades
 - Level 2.4 Armour
 - Level 1.1 Dodging
 + Level 7.9 Invocations


You had 7 spell levels left.
You didn't know any spells.
Your spell library contained the following spells:

 Spells                   Type           Power        Failure   Level  Hunger
 Corona                   Hex            #......      98%         1    ##.....
 Ensorcelled Hibernation  Hex/Ice        #.....       99%         2    ###....
 Confuse                  Hex            #.......     100%        3    ####...
 Dazzling Spray           Conj/Hex       #.....       100%        3    ####...
 Tukima's Dance           Hex            #.......     100%        3    ####...


Dungeon Overview and Level Annotations

Branches:
Dungeon (6/15)             Temple (0/1) D:5

Altars:
Gozag
Kikubaaqudgha
Makhleb
Qazlal
Sif Muna
Vehumet
Zin
The Shining One

Annotations:
Abyss:1 Grinder, Pikel


Innate Abilities, Weirdness & Mutations

You reflexively headbutt those who attack you in melee.
You have a pair of horns on your head.


Message History

Beogh smites you!
* * * LOW HITPOINT WARNING * * *
The centaur hits you but does no damage.
You hit the centaur but do no damage.
The centaur hits you but does no damage.
You feel very mighty all of a sudden.
The centaur hits you but does no damage.
You slash the centaur!
The centaur is heavily wounded.
The centaur hits you with a cursed -1 shortbow.
* * * LOW HITPOINT WARNING * * *
Your chain mail prevents you from hitting the centaur.
The centaur is heavily wounded.
The centaur hits you but does no damage.
You barely miss the centaur. Your headbutt misses the centaur.
The centaur is heavily wounded.
The centaur hits you with a cursed -1 shortbow.
* * * LOW HITPOINT WARNING * * *
The centaur hits you with a cursed -1 shortbow.
You die...

... #.. #..
#.# ## ##
#.##.###.
#.#
#.#.....#
#.#
#(.......
#.##o....?##
# #@#(.#.#.#
#.
##co......#
#.
##.####.#...
#. ##.## .#
## #.#.####
# #......#
#.#.##.#
...#.##.#
### #.##.#


You could see a centaur and an orc priest.

Vanquished Creatures
  Sigmund (D:2)
  A black bear (D:5)
  An ogre (D:4)
  A phantom (D:4)
  A centaur (D:5)
  2 scorpions (D:5)
  2 crimson imps
  3 hounds (D:5)
  Crazy Yiuf (D:5)
  2 orc priests (D:5)
  2 orc wizards (D:4)
  3 worker ants
  A worker ant zombie (D:5)
  2 howler monkey skeletons (D:5)
  7 gnolls
  10 adders
  A shadow imp (D:5)
  A worm (D:2)
  5 leopard geckos
  33 orcs
  5 bats
  5 giant cockroaches
  6 goblins
  6 hobgoblins
  A quokka (D:4)
  A ball python (D:2)
  4 frilled lizards
  11 kobolds
  A leopard gecko skeleton (D:4)
  A leopard gecko zombie (D:4)
  12 rats
133 creatures vanquished.

Notes
Turn   | Place    | Note
-------+----------+-------------------------------------------
     0 | Abyss:1  | Curus the Minotaur Abyssal Knight began the quest for the
                  | Orb.
     0 | Abyss:1  | Reached XP level 1. HP: 19/19 MP: 1/1
   147 | Abyss:1  | Noticed a raiju
   148 | D:1      | Escaped the Abyss
   289 | D:1      | Reached XP level 2. HP: 26/26 MP: 2/2
   372 | D:1      | Reached skill level 3 in Long Blades
   412 | D:1      | Reached * piety under Lugonu
   697 | D:2      | Reached XP level 3. HP: 31/31 MP: 2/4
   707 | D:2      | Reached skill level 4 in Long Blades
   929 | D:2      | Reached XP level 4. HP: 39/39 MP: 5/5
  1272 | D:2      | Reached ** piety under Lugonu
  1528 | D:2      | Noticed Sigmund
  1543 | D:2      | Killed Sigmund
  1543 | D:2      | Reached skill level 5 in Long Blades
  1543 | D:2      | Reached XP level 5. HP: 13/45 MP: 5/7
  1543 | D:2      | Reached XP level 6. HP: 15/51 MP: 5/8
  2301 | D:3      | Found a faded altar of an unknown god.
  2301 | D:3      | Found a shimmering blue altar of Sif Muna.
  2306 | D:3      | Found a glowing silver altar of Zin.
  2308 | D:3      | Found a radiant altar of Vehumet.
  2309 | D:3      | Found a faded altar of an unknown god.
  2395 | D:3      | Found a stormy altar of Qazlal.
  2630 | D:4      | Found an opulent altar of Gozag.
  2700 | D:4      | Reached skill level 6 in Long Blades
  3184 | D:4      | Reached skill level 5 in Invocations
  3188 | D:4      | Reached *** piety under Lugonu
  3215 | D:4      | Found a glowing golden altar of the Shining One.
  3275 | D:4      | Found a burning altar of Makhleb.
  3276 | D:4      | Found an opulent altar of Gozag.
  3277 | D:4      | Found an ancient bone altar of Kikubaaqudgha.
  3328 | D:4      | Reached XP level 7. HP: 57/57 MP: 10/10
  3479 | D:4      | Noticed Pikel
  3488 | D:4      | Banished Pikel
  3488 | D:4      | Reached skill level 7 in Long Blades
  3671 | D:5      | Entered Level 5 of the Dungeon
  3727 | D:5      | Reached skill level 8 in Long Blades
  3818 | D:5      | Found a staircase to the Ecumenical Temple.
  3829 | D:5      | Reached XP level 8. HP: 39/64 MP: 12/12
  4033 | D:5      | Found a runed translucent door.
  4034 | D:5      | Noticed Crazy Yiuf
  4145 | D:5      | Reached **** piety under Lugonu
  4151 | D:5      | Reached skill level 9 in Long Blades
  4642 | D:5      | Killed Crazy Yiuf
  4716 | D:6      | Noticed Grinder
  4722 | D:6      | Banished Grinder
  4735 | D:6      | HP: 3/64 [centaur/cursed -1 shortbow (1)]
  4737 | D:6      | Slain by a centaur

Levels and vault maps discovered:
D:1:      lightli_arrival_statuegarden, layout_loops_ring, minmay_crystal_room,
          due_unseen_surprise
D:2:      minmay_inner_zag, layout_basic, minmay_rat_gold_closets, uniq_sigmund
D:3:      layout_loops_ring, chequers_temple_overflow_minitemple,
          overflow_temple_1_default, first_ration
D:4:      layout_basic, kennysheep_mini_moat,
          chequers_temple_overflow_statue_of_worship, serial_park_tiny_pond,
          nicolae_gozag_seed_capital, uniq_pikel
D:5:      black_bear_nest_1, layout_gridville, minmay_temple_entry_water_ring,
          uniq_crazy_yiuf_cottage
D:6:      layout_loops_ring, lemuel_crystal_altar, yredelemnul_altar_generic,
          nicolae_overflow_hidden_temple, led_sif_book, uniq_menkaure,
          uniq_grinder

Skill      XL: |  1  2  3  4  5  6  7  8 |
---------------+-------------------------+-----
Invocations    | 2 3 4 5 6 7 |  7.9
Long Blades    | 3 4 5 6 8 9 |  9.7
Fighting       | |  3.6
Armour         | |  2.4
Dodging        | |  1.1

Action                   |  1- 3 |  4- 6 |  7- 9 || total
-------------------------+-------+-------+-------++-------
Melee: Falchion          |    48 |   175 |   176 ||   399
       Headbutt          |     6 |    27 |    33 ||    66
Invok: Depart the Abyss  |     1 |       |       ||     1
       Bend Space        |       |     1 |       ||     1
       Banish            |       |       |     2 ||     2
  Use: Scroll            |     5 |     4 |     1 ||    10
       Potion            |     1 |     6 |     3 ||    10
  Eat: Chunk             |       |     8 |     5 ||    13
Armor: Chain mail        |    19 |    74 |    93 ||   186
Dodge: Dodged            |    25 |    59 |    43 ||   127
       Rpst.: Falchion   |    10 |    16 |     9 ||    35
